 Dungeon Crawl Stone Soup version 0.17.1-1-g73c8601 (webtiles) character file.

856 PossumBlood the Cleaver (level 7, -11/56 (57) HPs)
             Began as a Minotaur Fighter on Jan 9, 2016.
             Mangled by a two-headed ogre
             ... wielding a +0 giant spiked club
              (12 damage)
             ... on level 5 of the Dungeon.
             The game lasted 00:13:44 (3584 turns).

PossumBlood the Cleaver (Minotaur Fighter)          Turns: 3584, Time: 00:13:44

HP:   -11/56 (57)   AC:  8    Str: 22      XL:     7   Next: 70%
MP:   6/6           EV:  7    Int:  5      God:
Gold: 267           SH:  9    Dex:  9 (10) Spells: 0 memorised, 6 levels left

rFire  . . .     SeeInvis .     a - +2 war axe
rCold  . . .     Clarity  .     b - +0 scale mail
rNeg   . . .     SustAt   .     c - +0 shield
rPois  .         Gourm    .     o - +2 hat
rElec  .         Spirit   .     (no cloak)
rCorr  .         Warding  .     (no gloves)
rMut   .         Stasis   .     (no boots)
MR     .....                    (no amulet)
Stlth  ..........               (no ring)
                                (no ring)

@: not resistant to hostile enchantments, extremely unstealthy
A: retaliatory headbutt, horns 2
a: no special abilities


You were on level 5 of the Dungeon.
You were not hungry.

You visited 1 branch of the dungeon, and saw 5 of its levels.

You collected 267 gold pieces.

Inventory:

Hand Weapons
 a - a +2 war axe (weapon)
Armour
 b - a +0 scale mail (worn)
 c - a +0 shield (worn)
 o - a +2 hat (worn)
Jewellery
 m - an uncursed ring of teleportation
Wands
 k - a wand of confusion (45)
 l - a wand of digging (14)
 p - a wand of disintegration (7)
 q - a wand of confusion (25)
Scrolls
 i - a scroll of identify
 t - a scroll of recharging
Potions
 d - 2 potions of might
 e - a potion of mutation
 g - 2 potions of lignification
 h - 3 potions of haste
 n - a potion of resistance {unknown}
 r - a potion of curing {unknown}
 s - 2 potions of poison {unknown}
Comestibles
 f - 4 meat rations
 j - 2 bread rations


   Skills:
 - Level 3.6 Fighting
 * Level 10.6 Axes
 - Level 3.6 Armour
 - Level 3.6 Shields


You had 6 spell levels left.
You didn't know any spells.

Dungeon Overview and Level Annotations

Branches:
Dungeon (5/15)
 Temple: D:4-7

Altars:
Fedhas
Kikubaaqudgha
Qazlal


Innate Abilities, Weirdness & Mutations

You reflexively headbutt those who attack you in melee.
You have a pair of horns on your head.


Message History

You block the two-headed ogre's attack. x2
You hit the two-headed ogre but do no damage.
The two-headed ogre is lightly wounded.
You slash the two-headed ogre! You headbutt the two-headed ogre.
The two-headed ogre is heavily wounded.
You block the two-headed ogre's attack.
The two-headed ogre hits you with a giant club.
You hit the two-headed ogre.
Your headbutt misses the two-headed ogre.
The two-headed ogre is severely wounded.
The two-headed ogre barely misses you.
The two-headed ogre hits you with a giant club!!
Your shield and scale mail prevent you from hitting the two-headed ogre.
The two-headed ogre is severely wounded.
You barely miss the two-headed ogre.
The two-headed ogre is severely wounded.
The two-headed ogre hits you with a giant spiked club!!
* * * LOW HITPOINT WARNING * * *
The two-headed ogre hits you with a giant club!
You die...

### ##.. #... #..#
###... #..†..
########### ##.#..#
......O@..########.....#
#########..............#
##########....## ##.#.#
#.#.## #.#.<. ### ###
#.#### #.. ..# ###.####
#.# #.#####.......


You could see a two-headed ogre.

Vanquished Creatures
  The ghost of Grim the Insei, a novice OpMo (D:3)
  Eustachio (D:4)
  An ice beast (D:5)
  A necrophage (D:5)
  3 worker ants
  A hound skeleton (D:4)
  6 adders
  4 gnolls (D:5)
  2 shadow imps (D:5)
  3 oozes
  3 worms
  3 giant geckos
  4 orcs (D:4)
  9 bats
  13 hobgoblins
  7 jackals
  A quokka (D:4)
  4 giant cockroaches
  A giant gecko zombie (D:5)
  3 giant newts
  11 goblins
  7 kobolds
  A quokka skeleton (D:4)
  5 rats
95 creatures vanquished.

Notes
Turn   | Place    | Note
--------------------------------------------------------------
     0 | D:1      | PossumBlood the Minotaur Fighter began the quest for the Orb.
     0 | D:1      | Reached XP level 1. HP: 19/19 MP: 0/0
   131 | D:1      | Reached XP level 2. HP: 26/26 MP: 1/1
   404 | D:1      | Reached skill level 4 in Axes
   695 | D:2      | Reached XP level 3. HP: 21/31 MP: 2/2
  1084 | D:2      | Reached skill level 5 in Axes
  1213 | D:2      | Reached XP level 4. HP: 31/39 MP: 3/3
  1257 | D:2      | Found a stormy altar of Qazlal.
  1626 | D:3      | Noticed Grim's ghost (novice OpMo)
  1640 | D:3      | Killed Grim's ghost
  1640 | D:3      | Reached skill level 8 in Axes
  1640 | D:3      | Reached XP level 5. HP: 26/45 MP: 4/4
  1640 | D:3      | Reached XP level 6. HP: 29/51 MP: 5/5
  2289 | D:4      | Found a blossoming altar of Fedhas.
  2574 | D:4      | You fall through a shaft!
  2574 | D:5      | Entered Level 5 of the Dungeon
  2598 | D:5      | Reached skill level 9 in Axes
  2598 | D:5      | Reached XP level 7. HP: 52/56 MP: 6/6
  2811 | D:4      | Noticed Eustachio
  2817 | D:4      | Found an ancient bone altar of Kikubaaqudgha.
  2864 | D:4      | Killed Eustachio
  2864 | D:4      | Reached skill level 10 in Axes
  3575 | D:5      | Noticed a two-headed ogre
  3584 | D:5      | HP: 1/56 [two-headed ogre/giant spiked club (22)]
  3584 | D:5      | Mangled by a two-headed ogre

Action                   |  1- 3 |  4- 6 |  7- 9 || total
-------------------------+-------+-------+-------++-------
Melee: War axe           |    81 |   108 |    87 ||   276
  Use: Scroll            |       |    10 |     3 ||    13
  Eat: Bread ration      |     1 |     1 |       ||     2
